 Dungeon Crawl Stone Soup version 0.21.1-1-g345015f (webtiles) character file.

93 grindst0ne the Chopper (level 4, 0/35 HPs)
             Began as a Demonspawn Gladiator on Mar 7, 2018.
             Slain by a goblin
             ... wielding a +0 club
             ... led by Robin
              (6 damage)
             ... on level 3 of the Dungeon.
             The game lasted 00:01:59 (1105 turns).

grindst0ne the Chopper (Demonspawn Gladiator)       Turns: 1105, Time: 00:02:00

Health: 0/35       AC:  4    Str: 14    XL:     4   Next: 36%
Magic:  4/4        EV: 12    Int: 10    God:
Gold:   121        SH:  0    Dex: 15    Spells: 3/3 levels left

rFire    . . .     SeeInvis .   a - +0 war axe
rCold    . . .     Gourm    .   (no shield)
rNeg     . . .     Faith    .   b - +0 leather armour
rPois    .         Spirit   .   c - +0 helmet
rElec    .         Reflect  .   (no cloak)
rCorr    .         Harm     .   (no gloves)
MR       .....                  (no boots)
Stlth    ++........             (no amulet)
HPRegen  0.11/turn              (no ring)
MPRegen  0.09/turn              (no ring)

@: no status effects
A: talons 1, demonic guardian 1, nightstalker 1
a: no special abilities


You were on level 3 of the Dungeon.
You were not hungry.

You visited 1 branch of the dungeon, and saw 3 of its levels.

You collected 121 gold pieces.

Inventory:

Hand Weapons
 a - a +0 war axe (weapon)
Missiles
 d - 3 throwing nets (quivered)
Armour
 b - a +0 leather armour (worn)
 c - a +0 helmet (worn)
Scrolls
 e - 4 scrolls of enchant weapon {unknown}
 i - a scroll of enchant armour {unknown}
 j - a scroll of fear {unknown}
 m - a scroll of fog {unknown}
 o - a scroll of identify {unknown}
 p - a scroll of amnesia {unknown}
Potions
 h - 2 potions of heal wounds {unknown}
 k - 2 potions of magic {unknown}
 l - a potion of lignification {unknown}
Books
 n - Vehumet's Almanac of Confrontation
   (You found it on level 2 of the Dungeon)

   Spells                             Type                      Level
   a - Magic Dart                     Conjuration                  1
Comestibles
 f - 3 rations
 g - 2 chunks of flesh


   Skills:
 + Level 3.5 Fighting
 + Level 3.8 Axes
 - Level 1.7 Throwing
 - Level 2.6 Dodging


You had 3 spell levels left.
You didn't know any spells.

Dungeon Overview and Level Annotations

Branches:
Dungeon (3/15)

Altars:
Kikubaaqudgha
Sif Muna
Vehumet
Zin
The Shining One

Annotations:
D:3 Robin


Innate Abilities, Weirdness & Mutations

You have sharp toenails.
A weak demonic guardian rushes to your aid.
You are slightly more attuned to the shadows.


Message History

The goblin barely misses you.
You hear a shout!
Things that are here:
a club; a goblin corpse Robin throws the goblin at you!
* * * LOW HITPOINT WARNING * * *
The goblin misses you.
A goblin comes into view. It is wielding a club.
You closely miss the goblin.
You kill the goblin!
You barely miss the goblin.
Your ufetubus barely misses the goblin.
Your ufetubus hits the goblin.
The goblin dies!
Your ufetubus hits Robin but does no damage.
Your ufetubus hits Robin. Robin throws the goblin at you!
* * * LOW HITPOINT WARNING * * *
You see here a goblin corpse.
Your ufetubus hits Robin but does no damage. x2
The goblin hits you with a club.
You die...

####.#.##..#
#....).).s.#
#.##.#s##.##
#.#g# .#
#.#5##.##.
##.))).....
#.#.....#####
#...#.†#.####
#....g@.....#
#.##.##.###.#
#. #. .# . #.
.# # .# .. ##


You could see Robin, a giant cockroach, a goblin and a friendly ufetubus.

Vanquished Creatures
  An ooze (D:1)
  An adder skeleton (D:3)
  2 worms (D:2)
  6 bats
  6 giant cockroaches
  9 goblins
  12 hobgoblins
  A quokka (D:2)
  4 frilled lizards
  6 kobolds
  8 rats
56 creatures vanquished.

Vanquished Creatures (collateral kills)
  Jessica (D:3)
  2 goblins (D:3)
  A hobgoblin (D:3)
  A rat (D:3)
5 creatures vanquished.

Grand Total: 61 creatures vanquished

Notes
Turn   | Place    | Note
-------+----------+-------------------------------------------
     0 | D:1      | grindst0ne the Demonspawn Gladiator began the quest for the Orb.
     0 | D:1      | Reached XP level 1. HP: 16/16 MP: 1/1
    99 | D:1      | Gained mutation: You have sharp toenails. [demonic ancestry]
    99 | D:1      | Reached XP level 2. HP: 16/23 MP: 2/2
   432 | D:1      | Gained mutation: A weak demonic guardian rushes to your aid. [demonic ancestry]
   432 | D:1      | Reached XP level 3. HP: 28/28 MP: 3/3
   686 | D:2      | Found a glowing silver altar of Zin.
   697 | D:2      | Found a radiant altar of Vehumet.
   704 | D:2      | Identified Vehumet's Almanac of Confrontation
   707 | D:2      | Found an ancient bone altar of Kikubaaqudgha.
   708 | D:2      | Found a deep blue altar of Sif Muna.
   808 | D:2      | Found a glowing golden altar of the Shining One.
  1057 | D:3      | Noticed Jessica
  1064 | D:3      | Killed Jessica
  1064 | D:3      | Gained mutation: You are slightly more attuned to the shadows. [demonic ancestry]
  1064 | D:3      | Reached XP level 4. HP: 23/35 MP: 4/4
  1089 | D:3      | Noticed Robin
  1105 | D:3      | Slain by a goblin

Skill      XL: |  1  2  3 |
---------------+----------+-----
Axes           | 3 |  3.8
Fighting       | 3 |  3.5
Throwing       | |  1.7
Dodging        | |  2.6

Action                   |  1- 3 |  4- 6 || total
-------------------------+-------+-------++-------
Melee: War axe           |    98 |    15 ||   113
       Kick              |    20 |     3 ||    23
 Stab: Sleeping          |     1 |     1 ||     2
  Eat: Chunk             |     1 |       ||     1
Armor: Leather armour    |    32 |     4 ||    36
Dodge: Dodged            |    79 |    20 ||    99
